 Dungeon Crawl Stone Soup version 0.28.0-43-g3370ac3207 (webtiles) character file.

Game seed: 10399230551315454395

0 Descartes the Charlatan (level 1, -1/7 HPs)
             Began as a Felid Wanderer on Mar 22, 2022.
             Slain by a quokka (2 damage)
             ... on level 1 of the Dungeon.
             The game lasted 00:01:19 (138 turns).

Descartes the Charlatan (Felid Wanderer)             Turns: 138, Time: 00:01:20

Health: -1/7       AC:  1    Str:  5    XL:     1   Next: 8%
Magic:  4/4        EV: 19    Int: 12    God:
Gold:   7          SH:  0    Dex: 19    Spells: 3/4 levels left
                                        Lives:  0   Deaths: 0

rFire   . . .      SeeInvis +   (weapon unavailable)
rCold   . . .      Faith    .   (shield unavailable)
rNeg    . . .      Spirit   .   (armour unavailable)
rPois   .          Reflect  .   (helmet unavailable)
rElec   .          Harm     .   (cloak unavailable)
rCorr   .          Rampage  .   (gloves unavailable)
Will    .....                   (boots unavailable)
Stlth   ++........              (no amulet)
HPRegen 0.02/turn               (no ring)
MPRegen 0.09/turn               (no ring)

@: quick
A: very small, claws 1, fangs 3, see invisible, speed 1, shaggy fur 1, stealthy
paws, no weapons or thrown items, no armour, multi-lived
a: no special abilities


You were on level 1 of the Dungeon.
You visited 1 branch of the dungeon, and saw 1 of its levels.

You collected 7 gold pieces.

Inventory:

Potions
 b - a potion of ambrosia {unknown}
Miscellaneous
 a - a condenser vane


   Skills:
 + Level 4.0 Dodging
 + Level 0.0 Stealth
 + Level 0.0 Unarmed Combat
 - Level 2.0 Spellcasting
 + Level 0.0 Conjurations
 + Level 0.0 Air Magic
 - Level 5.4 Evocations


You had 3 spell levels left.
You knew the following spells:

 Your Spells              Type           Power      Damage    Failure   Level
a - Shock                 Conj/Air       4%         1d3       26%         1

Your spell library contained the following spells:

 Spells                   Type           Power      Damage    Failure   Level
 Dazzling Flash           Conj/Hex       2%         N/A       63%         3


Dungeon Overview and Level Annotations

Branches:
Dungeon (1/15)

Altars:


Innate Abilities, Weirdness & Mutations

You have sharp claws.
You have razor-sharp teeth.
You have supernaturally acute eyesight. (SInv)
You cover ground quickly. (Speed+)
You are covered in fur. (AC +1)
Your paws help you pounce on unaware monsters.
You are incapable of wielding weapons or throwing items.
You cannot wear armour.
You gain extra lives every three experience levels.


Message History

The dart slug launches a dart at you. The slug dart hits you.
Ouch! That really hurt!
You are too injured to fight recklessly!
You are too injured to fight recklessly!
You are too injured to fight recklessly!
You are too injured to fight recklessly!
You are too injured to fight recklessly!
You are too injured to fight recklessly!
You are too injured to fight recklessly!
You are too injured to fight recklessly!
You are too injured to fight recklessly!
You are too injured to fight recklessly!
You are too injured to fight recklessly!
You are too injured to fight recklessly!
You are too injured to fight recklessly!
You are too injured to fight recklessly!
The quokka misses you.
There is an open door here.
You scratch the quokka.
The quokka is lightly wounded.
The quokka bites you.
* * * LOW HITPOINT WARNING * * *
You barely miss the quokka.
The quokka is lightly wounded.
The quokka completely misses you.
You closely miss the quokka.
The quokka is lightly wounded.
The quokka completely misses you.
A frilled lizard comes into view.
You open the door. The quokka barely misses you.
There is an open door here.
You scratch the quokka. You bite the quokka.
The quokka is severely wounded.
The frilled lizard hisses angrily.
The quokka barely misses you. The quokka closely misses you.
You scratch the quokka but do no damage.
The quokka is severely wounded.
The quokka bites you.
You die...

.....#########...........+#
....g.w.K...#.............#
##.########.#.............#
##'##### #K#......<......#
.w.....# #.#.............#
.......# #.#.............#
...g...####.##...........##
.......+....K##.........##
.......#####..##@......##
.......# #...#r.....##
(.....$# #.#.K##...##
.......# #.##..##.#+
#.###..#.# #.# #...l #.#
###.. #. .. .


You could see a quokka, a kobold and a frilled lizard.

Vanquished Creatures
  A rat (D:1)
1 creature vanquished.

Notes
Turn   | Place    | Note
-------+----------+-------------------------------------------
     0 | D:1      | Descartes the Felid Wanderer began the quest for the Orb.
     0 | D:1      | Descartes set off with the following items: a condenser
                  | vane; and the following spell memorised: Shock; and the
                  | following spells available to memorise: Dazzling Flash
     0 | D:1      | Reached XP level 1. HP: 7/7 MP: 4/4
   138 | D:1      | Slain by a quokka

Illustrated notes

Levels and vault maps discovered:
D:1:      lemuel_arrival_rhombus, layout_basic, minmay_misc_feat_rugged

Action                   || total
-------------------------++-------
Melee: Unarmed           ||    10
       Bite              ||     2
Dodge: Dodged            ||    11
